 Dungeon Crawl Stone Soup version 0.21.1-1-g345015f (webtiles) character file.

2154 Mgcat the Cleaver (level 9, -1/72 (75) HPs)
             Began as a Human Berserker on Mar 2, 2018.
             Was an Elder of Trog.
             Killed from afar by an electric eel (8 damage)
             ... with a bolt of electricity
             ... on level 6 of the Dungeon.
             The game lasted 00:16:12 (4924 turns).

Mgcat the Cleaver (Human Berserker)                 Turns: 4924, Time: 00:16:13

HP:   -1/72 (75)    AC:  5    Str: 19    XL:     9   Next: 56%
MP:   9/9           EV: 11    Int:  9    God:    Trog [****..]
Gold: 339           SH:  0    Dex: 13    Spells: 8/8 levels left

rFire    . . .     SeeInvis .   q - +1 war axe
rCold    . . .     Gourm    .   (no shield)
rNeg     . . .     Faith    .   r - +0 ring mail
rPois    .         Spirit   .   (no helmet)
rElec    .         Reflect  .   (no cloak)
rCorr    +         Harm     .   (no gloves)
MR       .....                  (no boots)
Stlth    ..........             (no amulet)
HPRegen  0.22/turn              b - ring of resist corrosion
MPRegen  0.11/turn              s - ring of loudness (curse) {Stlth-}

@: no status effects
A: no striking features
a: Berserk, Trog's Hand, Brothers in Arms, Burn Spellbooks, Renounce Religion


You were on level 6 of the Dungeon.
You worshipped Trog.
Trog was greatly pleased with you.
You were not hungry.

You visited 1 branch of the dungeon, and saw 6 of its levels.

You collected 339 gold pieces.

Inventory:

Hand Weapons
 a - a +1 hand axe of flaming
   (You took it off an orc on level 5 of the Dungeon)
 f - a +0 hunting sling
   (You found it on level 3 of the Dungeon)
 q - a +1 war axe (weapon)
   (You took it off an orc on level 4 of the Dungeon)
Missiles
 g - a throwing net {=f, !d}
 l - 8 tomahawks (quivered)
Armour
 r - a +0 ring mail (worn)
   (You took it off an orc on level 4 of the Dungeon)
Jewellery
 b - a ring of resist corrosion (left hand)
   (You found it on level 2 of the Dungeon)
 s - a cursed ring of loudness (right hand) {Stlth-}
   (You found it on level 5 of the Dungeon)
Wands
 m - a wand of iceblast (2)
   (You took it off Ijyb on level 3 of the Dungeon)
Scrolls
 d - 2 scrolls of teleportation
 e - a scroll of remove curse
 t - a scroll of identify
Potions
 h - a potion of cancellation
 j - 2 potions of mutation {!q}
 k - a potion of invisibility
 n - a potion of heal wounds
 o - 3 potions of curing
 p - a potion of agility
Comestibles
 c - 15 rations


   Skills:
 + Level 8.7 Fighting
 + Level 8.7 Axes
 - Level 3.1 Throwing
 - Level 2.0 Armour
 - Level 2.0 Dodging


You had 8 spell levels left.
You didn't know any spells.

Dungeon Overview and Level Annotations

Branches:
Dungeon (6/15)
 Temple: D:4-7

Altars:
Elyvilon
Qazlal
Vehumet
Zin

Shops:
D:3 *

Annotations:
D:3 1 exclusion


Message History

You enter the shallow water.
Moving in this stuff is going to be slow.
A phantom comes into view.
The phantom blinks!
You hit the phantom.
The phantom is lightly damaged.
The phantom hits you!
You miss the phantom.
The phantom is lightly damaged.
The phantom hits you but does no damage.
Your ring mail prevents you from hitting the phantom.
The phantom is lightly damaged.
The phantom hits you.
You hit the phantom but do no damage.
The phantom is lightly damaged.
The phantom blinks!
You hit the phantom but do no damage.
The phantom is lightly damaged.
The phantom barely misses you.
The phantom hits you but does no damage.
You hit the phantom.
The phantom is moderately damaged.
The phantom barely misses you.
You completely miss the phantom.
The phantom is moderately damaged.
The phantom hits you.
The phantom blinks!
You barely miss the phantom.
The phantom is moderately damaged.
The phantom closely misses you.
You closely miss the phantom.
The phantom is moderately damaged.
The phantom hits you.
You slash the phantom!
The phantom is heavily damaged.
The phantom hits you!
You are too injured to fight recklessly!
You are too injured to fight recklessly!
You are too injured to fight recklessly!
You are too injured to fight recklessly!
You are too injured to fight recklessly!
You hit the phantom.
The phantom is heavily damaged.
The phantom hits you.
You closely miss the phantom.
The phantom is heavily damaged.
The phantom hits you!
You slash the phantom!
The phantom is almost destroyed.
The phantom blinks!
The phantom closely misses you.
You slash the phantom!
You destroy the phantom!
Trog accepts your kill.
Eating one of 3 chunks of flesh {@w0}.
You eat one of the 3 chunks of flesh {@w0}.
This raw flesh tastes terrible.
An electric eel comes into view.
The electric eel shoots out a bolt of lightning at you!
The bolt of electricity hits the plant.
The bolt of electricity hits you!
t - a scroll of identify All of the chunks of flesh in your inventory have rotted away.
You now have 339 gold pieces (gained 17).
You open the door.
There is an open door here.
The electric eel shoots out a bolt of lightning at you!
The bolt of electricity hits the plant.
The bolt of electricity misses you.
The electric eel shoots out a bolt of lightning at you!
The bolt of electricity hits you!
The electric eel shoots out a bolt of lightning at you!
The bolt of electricity hits you!
The electric eel shoots out a bolt of lightning at you!
The bolt of electricity misses you. The bolt of electricity hits you!
The bolt of electricity misses the electric eel.
You hit the electric eel.
The electric eel is moderately wounded.
You hit the plant but do no damage.
The electric eel shoots out a bolt of lightning at you!
The bolt of electricity hits you! x2
The bolt of electricity hits the electric eel.
The electric eel completely resists.
You enter the shallow water.
Moving in this stuff is going to be slow.
The electric eel shoots out a bolt of lightning at you!
The bolt of electricity misses you.
The electric eel shoots out a bolt of lightning at you!
The bolt of electricity hits you!
You miss the electric eel.
The electric eel is moderately wounded.
You hit the plant but do no damage. You hit the electric eel.
The electric eel is moderately wounded.
You hit the plant but do no damage.
The electric eel shoots out a bolt of lightning at you!
The bolt of electricity hits you! x2
* * * LOW HITPOINT WARNING * * *
The bolt of electricity hits the electric eel.
The electric eel completely resists.
The electric eel shoots out a bolt of lightning at you!
The bolt of electricity hits you!
You die...

#....##.##.#...#
#.#.###.##.##+##
#.#.# #.##.##.#
#.#.# .##.##.#
###.#.###.##.##.##
#.....#...........
#.###.#.#.##......
#.###...PP##.#....
#@##..P.P≈.#.##.#.
#....;P≈P≈P≈≈##.#.
###..≈≈≈≈PP≈PP#.#.
#.P≈≈♣♣♣♣P≈P#.#.
#.P≈♣♣ ♣♣≈ #...
#..P≈♣ #..#
#.P≈≈≈≈ #..#
#..PPP≈≈ #..#
#..###P≈ ##.##


You could see an electric eel.

Vanquished Creatures
  Grinder (D:5)
  Sigmund (D:5)
  A hungry ghost (D:5)
  Menkaure (D:5)
  A necrophage (D:3)
  2 phantoms
  2 ogres (D:5)
  Blork the orc (D:5)
  A bullfrog (D:5)
  A crimson imp (D:6)
  An orc priest (D:4)
  A jelly (D:5)
  A gnoll shaman (D:5)
  3 hounds
  5 orc wizards
  A centaur skeleton (D:5)
  Ijyb (D:3)
  An iguana (D:4)
  Natasha (thrice) (D:3)
  3 worker ants
  A hound skeleton (D:6)
  12 gnolls
  13 adders
  A shadow imp (D:5)
  3 oozes
  An adder skeleton (D:4)
  3 dart slugs (D:1)
  4 leopard geckos
  20 orcs
  6 bats
  8 giant cockroaches
  8 goblins
  8 hobgoblins
  10 jackals
  A quokka (D:6)
  8 frilled lizards
  2 jackal skeletons (D:2)
  10 kobolds
  10 rats
161 creatures vanquished.

Notes
Turn   | Place    | Note
-------+----------+-------------------------------------------
     0 | D:1      | Mgcat the Human Berserker began the quest for the Orb.
     0 | D:1      | Reached XP level 1. HP: 18/18 MP: 1/1
    75 | D:1      | Reached XP level 2. HP: 24/24 MP: 2/2
   330 | D:1      | Reached XP level 3. HP: 25/29 MP: 3/3
   688 | D:2      | Reached ** piety under Trog
   688 | D:2      | Reached XP level 4. HP: 37/37 MP: 4/4
   819 | D:2      | Reached skill level 4 in Fighting
   819 | D:2      | Reached skill level 4 in Axes
   956 | D:2      | Found a white marble altar of Elyvilon.
  1496 | D:2      | Reached XP level 5. HP: 40/42 MP: 5/5
  1778 | D:3      | Reached *** piety under Trog
  1916 | D:3      | Reached XP level 6. HP: 44/50 MP: 6/6
  1991 | D:3      | Noticed Natasha
  2005 | D:3      | Killed Natasha
  2005 | D:3      | Reached skill level 5 in Fighting
  2005 | D:3      | Reached skill level 5 in Axes
  2015 | D:3      | Noticed Ijyb
  2244 | D:3      | Noticed a necrophage
  2261 | D:3      | Killed a necrophage
  2302 | D:3      | Noticed Natasha
  2316 | D:3      | Killed Natasha
  2316 | D:3      | Reached XP level 7. HP: 28/53 MP: 7/7
  2432 | D:3      | Noticed Natasha
  2444 | D:3      | Killed Natasha
  2446 | D:3      | Killed Ijyb
  2465 | D:3      | Found Zin's Purification Station.
  2469 | D:3      | Found a glowing silver altar of Zin.
  2638 | D:4      | Reached skill level 1 in Throwing
  2751 | D:4      | Found a stormy altar of Qazlal.
  2886 | D:4      | Reached skill level 6 in Fighting
  2886 | D:4      | Reached skill level 6 in Axes
  3005 | D:4      | Reached skill level 2 in Throwing
  3167 | D:4      | Reached XP level 8. HP: 52/61 MP: 8/8
  3526 | D:5      | Entered Level 5 of the Dungeon
  3566 | D:5      | Reached **** piety under Trog
  3570 | D:5      | Reached skill level 3 in Throwing
  3582 | D:5      | Found a radiant altar of Vehumet.
  3665 | D:5      | Noticed Grinder
  3668 | D:5      | Noticed Sigmund
  3670 | D:5      | Paralysed by Grinder for 2 turns
  3688 | D:5      | Killed Grinder
  3688 | D:5      | Reached skill level 7 in Fighting
  3688 | D:5      | Reached skill level 7 in Axes
  3700 | D:5      | Killed Sigmund
  3700 | D:5      | Reached XP level 9. HP: 60/69 MP: 9/9
  3808 | D:5      | Noticed Blork the orc
  3817 | D:5      | Killed Blork the orc
  3887 | D:5      | Reached skill level 8 in Fighting
  3887 | D:5      | Reached skill level 8 in Axes
  3963 | D:5      | Noticed Menkaure
  3968 | D:5      | Killed Menkaure
  4921 | D:6      | HP: 7/72 [electric eel/bolt of electricity (16)]
  4924 | D:6      | Killed from afar by an electric eel

Skill      XL: |  1  2  3  4  5  6  7  8  9 |
---------------+----------------------------+-----
Fighting       | 4 5 6 7 8 |  8.7
Axes           | 4 5 6 7 8 |  8.7
Throwing       | 2 3 |  3.1
Armour         | |  2.0
Dodging        | |  2.0

Action                   |  1- 3 |  4- 6 |  7- 9 || total
-------------------------+-------+-------+-------++-------
Melee: Hand axe          |   116 |   230 |   114 ||   460
       War axe           |       |       |   200 ||   200
Invok: Berserk           |     1 |     6 |    10 ||    17
       Trog's Hand       |       |     3 |     5 ||     8
Evoke: Wand              |       |       |     2 ||     2
  Use: Scroll            |       |     2 |    11 ||    13
 Stab: Sleeping          |     2 |     1 |       ||     3
  Eat: Chunk             |       |    12 |    20 ||    32
       Ration            |       |       |     1 ||     1
Armor: Animal skin       |    19 |    20 |       ||    39
       Ring mail         |       |    29 |    66 ||    95
       Skin              |       |       |    10 ||    10
Dodge: Dodged            |    73 |   144 |   170 ||   387

Vault maps used:
D:1:      lemuel_arrival_rhombus
D:2:      elyvilon_altar_5
D:3:      zin_purify, demons_altar, first_ration, kennysheep_generic_room_13,
          uniq_ijyb, uniq_natasha
D:4:      lemuel_crystal_altar
D:5:      minmay_opposing_rooms, overflow_temple_1_default, uniq_grinder,
          uniq_menkaure, uniq_blork_the_orc, uniq_sigmund
D:6:      serial_bayou, serial_bayou_pond_e, serial_bayou_pond_b,
          serial_bayou_shore_b, serial_bayou_pond_c

Table legend:
 A = Turns spent in this place as a percentage of turns spent in the entire game.
 B = Non-inter-level travel turns spent in this place as a percentage of non-inter-level travel turns spent in the entire game.
 C = Inter-level travel turns spent in this place as a percentage of turns spent in this place.
 D = Turns resting spent in this place as a percentage of non-inter-level travel turns spent in this place.
 E = Turns spent auto-exploring this place as a percentage of non-inter-level travel turns spent in this place.
 F = Non-inter-level travel turns spent in this place divided by the number of levels of this place that you've seen.
                   A       B       C       D       E      F
               +-------+-------+-------+-------+-------+----------------------
         Total | 100.0 | 100.0 |   2.2 |   0.5 |  70.0 | 802.7
       Dungeon | 100.0 | 100.0 |   2.2 |   0.5 |  70.0 | 802.7
               +-------+-------+-------+-------+-------+----------------------

Table legend:
 A = Kills in this place as a percentage of kills in entire the game.
 B = Kills by you in this place as a percentage of kills by you in the entire game.
 C = Kills by friends in this place as a percentage of kills by friends in the entire game.
 D = Other kills in this place as a percentage of other kills in the entire game.
 E = Experience gained in this place as a percentage of experience gained in the entire game.
 F = Experience gained in this place divided by the number of levels of this place that you have seen.
                   A       B       C       D       E      F
               +-------+-------+-------+-------+-------+----------------------
         Total | 100.0 | 100.0 |   N/A |   N/A | 100.0 | 513.0
       Dungeon | 100.0 | 100.0 |   N/A |   N/A | 100.0 | 513.0
               +-------+-------+-------+-------+-------+----------------------
